 Dungeon Crawl Stone Soup version 0.28-a0-167-g7eff39e849 (webtiles) character file.

Game seed: 7086087435418091198

6790 Nattfarinn the Thaumaturge (level 11, -7/84 HPs)
             Began as a Djinni Earth Elementalist on Aug 16, 2021.
             Was a Follower of Makhleb.
             Shot with an arrow by a centaur warrior (11 damage)
             ... on level 9 of the Dungeon.
             The game lasted 00:08:44 (11229 turns).

Nattfarinn the Thaumaturge (DjEE)                  Turns: 11229, Time: 00:08:45

Health: -7/84      AC:  6    Str:  7    XL:     11   Next: 25%
Gold:   349        EV: 12    Int: 25    God:    Makhleb [*.....] SH:  0 Dex: 15

rFire   + + +      SeeInvis .   i - +1 spear (vorpal)
rCold   . . .      Faith    .   (no shield)
rNeg    . . .      Spirit   .   B - +0 steam dragon scales
rPois   ∞          Reflect  .   d - +0 helmet
rElec   +          Harm     .   (no cloak)
rCorr   +          Rampage  .   (no gloves)
Will    +....                   (boots unavailable)
Stlth   ++........              q - amulet of the acrobat
HPRegen 0.24/turn               k - +6 ring of intelligence
MPRegen 0.00/turn               (no ring)

@: about to teleport, resistant, flying
A: sickness immunity, fire resistance 2, cold vulnerability 1, float, innate
caster, hp casting, extra vitality 1
a: Renounce Religion


You were on level 9 of the Dungeon.
You worshipped Makhleb.
Makhleb was aware of your devotion.
You visited 2 branches of the dungeon, and saw 10 of its levels.

You collected 349 gold pieces.

Inventory:

Hand Weapons
 i - a +1 vorpal spear (weapon)
Missiles
 c - 174 stones
Armour
 b - a +0 robe
 d - a +0 helmet (worn)
 B - +0 steam dragon scales (worn)
Jewellery
 k - a +6 ring of intelligence (left hand)
 q - an amulet of the acrobat (around neck)
 r - a ring of resist corrosion
 x - a ring of willpower
Wands
 n - a wand of digging (5)
 o - a wand of acid (11)
 v - a wand of flame (18)
 y - a wand of iceblast (10)
Scrolls
 e - 9 scrolls of identify {unknown}
 f - 3 scrolls of magic mapping
 g - a scroll of brand weapon {unknown}
 t - a scroll of enchant weapon {unknown}
 u - a scroll of silence {unknown}
 z - a scroll of amnesia {unknown}
 A - 2 scrolls of acquirement {unknown}
 C - a scroll of enchant armour {unknown}
Potions
 a - a potion of resistance
 h - a potion of haste {unknown}
 j - a potion of ambrosia {unknown}
 l - a potion of might {unknown}
 m - 2 potions of lignification {unknown}
 s - a potion of curing {unknown}
 w - 2 potions of attraction {unknown}


   Skills:
 + Level 9.5 Fighting
 - Level 2.1 Dodging
 - Level 1.5 Stealth
 * Level 10.7 Spellcasting


You had 7 spell levels left.
You knew the following spells:

 Your Spells              Type           Power      Damage    Failure   Level
a - Sandblast             Erth           100%       2d20      1%          1
b - Passwall              Tmut/Erth      50%        N/A       1%          2
c - Stone Arrow           Conj/Erth      100%       3d13      1%          3
d - Petrify               Tmut/Erth      61%        N/A       1%          4
e - Freeze                Ice            100%       1d11      1%          1
f - Call Imp              Summ           61%        N/A       1%          2
g - Wereblood             Tmut           61%        N/A       1%          2
h - Fulminant Prism       Conj/Hex       30%        3d16      1%          4
i - Blade Hands           Tmut           30%        N/A       1%          5
Your spell library was empty.

Dungeon Overview and Level Annotations

Branches:
Dungeon (9/15)             Temple (1/1) D:4
   Lair: D:8-11         Orc: D:9-12

Altars:
Cheibriados
Dithmenos
Elyvilon
Fedhas
Gozag
Hepliaklqana
Kikubaaqudgha
Makhleb
Nemelex Xobeh
Okawaru
Qazlal
Ru
Sif Muna
Trog
Uskayaw
Xom
Yredelemnul
Zin
The Shining One

Annotations:
D:3 1 runed translucent door
D:5 2 transporters, Anathary's ghost, amateur HuFi


Innate Abilities, Weirdness & Mutations

You are immune to sickness and miasma.
You are immune to poison.
Your flesh is very heat resistant. (rF++)
You are vulnerable to cold. (rC-)
You float through the air rather than walking.
You learn spells naturally, not from books.
Your magical power is your life essence.
You have superior vitality. (+4 HP)


Message History

You can't see any susceptible monsters within range! (Use Z to cast anyway.)
You can't see any susceptible monsters within range! (Use Z to cast anyway.)
The stone arrow hits the orc wizard!
You kill the orc wizard!
Makhleb accepts your kill.
You can't see any susceptible monsters within range! (Use Z to cast anyway.)
You can't see any susceptible monsters within range! (Use Z to cast anyway.)
You can't see any susceptible monsters within range! (Use Z to cast anyway.)
A centaur warrior comes into view.
A centaur warrior is nearby!
A centaur warrior is nearby!
A centaur warrior is nearby!
A gargoyle and a cyclops come into view.
The cyclops shouts!
The centaur warrior wields a +0 shortbow.
The centaur warrior shoots an arrow.
The arrow barely misses you.
You can't see any susceptible monsters within range! (Use Z to cast anyway.)
You can't see any susceptible monsters within range! (Use Z to cast anyway.)
An eight-headed hydra comes into view.
A bullfrog comes into view.
The centaur warrior shoots an arrow.
The arrow hits you!
The eight-headed hydra roars!
The bullfrog gives a loud, deep croak!
The stone arrow hits the centaur warrior!
The centaur warrior is moderately wounded.
A wraith comes into view.
A troll comes into view.
The stone arrow hits the centaur warrior!!
The centaur warrior is severely wounded.
The centaur warrior shoots an arrow.
The arrow hits you!
You are too injured to fight recklessly!
Unknown command.
As you read the scroll of teleportation, it crumbles to dust.
You feel strangely unstable.
The centaur warrior shoots an arrow.
The arrow hits you!!
* * * LOW HITPOINT WARNING * * *
The centaur warrior shoots an arrow.
The arrow hits you!
* * * LOW HITPOINT WARNING * * *
Unknown command.
It was a potion of resistance.
You feel protected.
The centaur warrior shoots an arrow.
The arrow hits you!
You die...

..........#
..........##.#
#########.##WF
.........##D## #####
. ......)...##..
......#
...........#C.#.#.#T.
...........##c..$...#
............#.)#.#..#
#####+#####.##@9...#
.........#..#).#
.........##.†.##
..........#...#
..........##.##
....###....#.# ....
#....#.#.# ...
#....)...# ..
#........#


You could see an eight-headed hydra, a centaur warrior, a cyclops, a troll, a
wraith, a gargoyle and a bullfrog.

Vanquished Creatures
  A two-headed ogre (D:8)
  Pikel (D:5)
  A deep elf pyromancer (D:6)
  Maggie (D:8)
  A troll (D:6)
  A hornet (D:8)
  Prince Ribbit (D:6)
  Sigmund (D:5)
  A yak (D:9)
  A steam dragon (D:8)
  Menkaure (D:5)
  2 water moccasins
  4 orc warriors
  A necrophage (D:6)
  A black bear (D:7)
  3 centaurs
  4 ogres
  A lemure (D:5)
  Blork the orc (D:5)
  2 phantoms
  A kobold brigand (D:8)
  3 bullfrogs
  A gnoll sergeant (D:7)
  5 scorpions
  A wyvern skeleton (D:7)
  9 wights
  2 howler monkeys
  12 killer bees
  2 centaur zombies
  2 jellies
  A hound (D:5)
  3 orc priests
  A bullfrog skeleton (D:7)
  An iguana (D:6)
  7 orc wizards
  9 adders
  5 gnolls (D:7)
  3 white imps (D:8)
  2 ufetubi (D:4)
  2 worms (D:2)
  3 dart slugs
  16 orcs
  5 endoplasms
  3 giant cockroaches
  3 goblins
  7 hobgoblins
  9 kobolds
  2 quokkas (D:2)
  6 ball pythons
  4 bats
  3 frilled lizards
  A kobold skeleton (D:3)
  6 rats (D:2)
170 creatures vanquished.

Vanquished Creatures (others)
  9 plants
9 creatures vanquished.

Grand Total: 179 creatures vanquished

Notes
Turn   | Place    | Note
-------+----------+-------------------------------------------
     0 | D:1      | Nattfarinn the Djinni Earth Elementalist began the quest
                  | for the Orb.
     0 | D:1      | Reached XP level 1. HP: 15/15 MP: 0/0
   346 | D:1      | Reached XP level 2. HP: 20/22 MP: 0/0
   616 | D:1      | Found a faded altar of an unknown god.
   720 | D:1      | Reached skill level 1 in Fighting
  1077 | D:2      | Reached XP level 3. HP: 17/27 MP: 0/0
  1077 | D:2      | Learned a level 1 spell: Freeze
  1224 | D:2      | Reached skill level 3 in Spellcasting
  1667 | D:2      | Reached XP level 4. HP: 23/33 MP: 0/0
  2201 | D:3      | Reached XP level 5. HP: 21/39 MP: 0/0
  2201 | D:3      | Learned a level 2 spell: Call Imp
  2443 | D:3      | Noticed a phantom
  2455 | D:3      | Killed a phantom
  2456 | D:3      | Reached skill level 4 in Spellcasting
  2456 | D:3      | Reached XP level 6. HP: 15/45 MP: 0/0
  2729 | D:3      | Found a runed translucent door.
  2729 | D:3      | Noticed a human
  2734 | D:3      | Found a basalt altar of Yredelemnul.
  3562 | D:4      | Noticed an ogre
  3566 | D:4      | Killed an ogre
  3944 | D:4      | Noticed an ogre
  4008 | D:4      | HP: 1/46 [ogre (25)]
  4441 | D:4      | Found a staircase to the Ecumenical Temple.
  4450 | Temple   | Entered the Ecumenical Temple
  4899 | D:4      | Killed an ogre
  4900 | D:4      | Reached skill level 5 in Spellcasting
  4900 | D:4      | Reached XP level 7. HP: 39/51 MP: 0/0
  4900 | D:4      | Learned a level 2 spell: Wereblood
  4992 | D:5      | Entered Level 5 of the Dungeon
  5092 | D:5      | Noticed Menkaure
  5095 | D:5      | Killed Menkaure
  5187 | D:5      | Found a transporter.
  5187 | D:5      | Found a transporter.
  5189 | D:5      | Noticed Anathary's ghost (amateur HuFi)
  5199 | D:5      | Identified the +4 ring mail "Uczuriago" {Harm Rampage Int+3
                  | Stlth-}
  5362 | D:5      | Noticed a water moccasin
  5367 | D:5      | Killed a water moccasin
  5436 | D:5      | Noticed Pikel
  5557 | D:5      | Killed Pikel
  5558 | D:5      | Reached skill level 5 in Fighting
  5558 | D:5      | Reached skill level 6 in Spellcasting
  5558 | D:5      | Reached XP level 8. HP: 29/59 MP: 0/0
  5743 | D:5      | Noticed Blork the orc
  5746 | D:5      | Killed Blork the orc
  5854 | D:5      | Noticed Sigmund
  5860 | D:5      | Killed Sigmund
  5861 | D:5      | Reached skill level 7 in Spellcasting
  5861 | D:5      | Reached XP level 9. HP: 54/66 MP: 0/0
  5861 | D:5      | Learned a level 4 spell: Fulminant Prism
  6715 | D:6      | Reached skill level 8 in Spellcasting
  6955 | D:6      | Noticed a troll
  6959 | D:6      | Killed a troll
  6962 | D:6      | Noticed a deep elf pyromancer
  6966 | D:6      | Killed a deep elf pyromancer
  6967 | D:6      | Reached XP level 10. HP: 58/75 MP: 0/0
  7106 | D:6      | Noticed Prince Ribbit
  7110 | D:6      | Killed Prince Ribbit
  7277 | D:6      | Reached skill level 9 in Spellcasting
  8062 | D:7      | Found an iron altar of Okawaru.
  8144 | D:7      | Found a shimmering altar of Xom.
  8636 | D:7      | Found a hazy altar of Hepliaklqana.
  9102 | D:7      | Found a glowing silver altar of Zin.
  9132 | D:7      | Found a blossoming altar of Fedhas.
  9133 | D:7      | Found a snail-covered altar of Cheibriados.
  9133 | D:7      | Found a burning altar of Makhleb.
  9137 | D:7      | Found an opulent altar of Gozag.
  9144 | D:7      | Became a worshipper of Makhleb the Destroyer
  9877 | D:8      | Found a hide-covered altar of Uskayaw.
 10085 | D:8      | Reached skill level 10 in Spellcasting
 10143 | D:8      | Noticed a two-headed ogre
 10149 | D:8      | Killed a two-headed ogre
 10150 | D:8      | Reached XP level 11. HP: 72/84 MP: 0/0
 10150 | D:8      | Learned a level 5 spell: Blade Hands
 10613 | D:8      | Noticed Maggie
 10621 | D:8      | Killed Maggie
 11213 | D:9      | Reached * piety under Makhleb
 11223 | D:9      | Noticed a centaur warrior
 11224 | D:9      | Noticed a cyclops
 11225 | D:9      | Noticed an eight-headed hydra
 11228 | D:9      | HP: 3/84 [centaur warrior/arrow (11)]
 11229 | D:9      | Shot with an arrow by a centaur warrior

Illustrated notes

Levels and vault maps discovered:
D:1:      dpeg_arrival_tiny_k, layout_basic, shapermc_ecumenical_altar_petra,
          serial_bayou_pond_d
D:2:      layout_rooms, serial_bayou_pond_a
D:3:      layout_basic, dk_yredelemnul_ordeal
D:4:      layout_cave_pools, minmay_temple_entry_proselytizer
D:5:      layout_loops_ring, gammafunk_ghost_gnarly_gnolls, feat_on_display,
          uniq_pikel, uniq_menkaure, uniq_blork_the_orc, uniq_sigmund
D:6:      layout_basic, minmay_three_doors, uniq_prince_ribbit1
D:7:      layout_cave_pools, zin_statuary, mainiacjoe_overflow_cross_hatched,
          minitemple, lemuel_crystal_altar
D:8:      layout_basic, nicolae_uskayaw_dance_hall, kennysheep_generic_room_10,
          uniq_maggie
D:9:      minmay_the_grid_triangle_9x9_recursive_2
          [minmay_the_grid_triangle_9x9_prize_top_heavy,
          minmay_the_grid_triangle_9x9_flanged_cone,
          minmay_the_grid_triangle_9x9_empty,
          minmay_the_grid_triangle_9x9_negative_grid], layout_grid_maze,
          cheibrodos_ashenzari_chains
Temple:   compressed_dpeg_triangle_lava_temple

Skill      XL: |  1  2  3  4  5  6  7  8  9 10 |
---------------+-------------------------------+-----
Fighting       | 1 2 3 5 7 9 |  9.5
Spellcasting   | 3 4 5 6 7 8 10 | 10.7
Dodging        | |  2.1
Stealth        | |  1.5

Action                   |  1- 3 |  4- 6 |  7- 9 | 10-12 || total
-------------------------+-------+-------+-------+-------++-------
Melee: Spear             |     1 |     6 |     4 |     1 ||    12
 Cast: Sandblast         |    50 |    36 |       |     4 ||    90
       Stone Arrow       |       |    28 |    60 |   138 ||   226
  Use: Scroll            |       |     4 |       |     1 ||     5
       Potion            |       |       |       |     1 ||     1
 Stab: Sleeping          |     1 |       |       |       ||     1
Armor: Robe              |     3 |     2 |     2 |     4 ||    11
Dodge: Dodged            |    17 |    15 |     8 |    35 ||    75

Table legend: (Time is in decaauts)
 A = Elapsed time spent in this place.
 B = Non-inter-level travel time spent in this place.
 C = Inter-level travel time spent in this place.
 D = Time resting spent in this place.
 E = Time spent auto-exploring this place.
 F = Levels seen in this place.
 G = Mean time per level.
                   A        B        C        D        E       F      G
               +--------+--------+--------+--------+--------+-----+--------+
         Total |  11231 |  10746 |    485 |    917 |   8939 |  10 | 1123.1 |
       Dungeon |  10906 |  10449 |    457 |    917 |   8643 |   9 | 1211.8 |
        Temple |    324 |    296 |     28 |      0 |    296 |   1 |  324.0 |
               +--------+--------+--------+--------+--------+-----+--------+

Top non-repeatable levels by time:
     D:6: 1680 daAuts
     D:7: 1679 daAuts
     D:8: 1566 daAuts
     D:3: 1335 daAuts
     D:4: 1212 daAuts
     D:5: 1143 daAuts
     D:2: 1120 daAuts
     D:1: 999 daAuts
  Temple: 324 daAuts
     D:9: 169 daAuts
